 Dungeon Crawl Stone Soup version 0.31-a0-590-g8a5a4361df (webtiles) character file.

Game seed: 6056996345137262745

232 HoaS the Shooter (level 5, 0/41 HPs)
             Began as a Demigod Hunter on Aug 19, 2023.
             Slain by an iguana (2 damage)
             ... on level 4 of the Dungeon.
             The game lasted 00:06:31 (2505 turns).

HoaS the Shooter (Demigod Hunter)                   Turns: 2505, Time: 00:06:32

Health: 0/41       AC:  7    Str: 12    XL:     5   Next: 45%
Magic:  7/7        EV: 12    Int: 11    God:
Gold:   192        SH:  0    Dex: 23    Spells: 4/4 levels left

rFire   . . .        a - +0 shortbow
rCold   . . .        (shield currently unavailable)
rNeg    . . .        c - +0 leather armour
rPois   .            (no helmet)
rElec   .            f - +0 cloak
rCorr   .            i - +1 pair of gloves
SInv    .            m - +0 pair of boots
Will    .....        (no amulet)
Stlth   +++          (no ring)
HPRegen 0.00/turn    (no ring)
MPRegen 0.10/turn

%: no passive effects
@: inhibited regen
A: high MP 1, forlorn, divine attributes, thin skeletal structure 1, sense
surroundings 1, inhibited regeneration
a: no special abilities


You were on level 4 of the Dungeon.
You visited 1 branch of the dungeon, and saw 4 of its levels.

You collected 192 gold pieces.

Inventory:

Hand Weapons
 a - a +0 shortbow (weapon)
Armour
 c - a +0 leather armour (worn)
 f - a +0 cloak (worn)
 i - a +1 pair of gloves (worn)
 m - a +0 pair of boots (worn)
Jewellery
 n - a ring of wizardry
Scrolls
 b - a scroll of butterflies
Potions
 d - a potion of brilliance {unknown}
 e - 2 potions of mutation
 g - 2 potions of attraction {unknown}
 h - a potion of resistance {unknown}
 j - a potion of berserk rage {unknown}
 k - 2 potions of cancellation {unknown}
 l - a potion of curing {unknown}
 o - a potion of ambrosia {unknown}
 p - a potion of haste {unknown}


   Skills:
 - Level 1.7 Fighting
 + Level 6.4 Ranged Weapons
 - Level 1.7 Dodging
 - Level 0.8 Stealth


You had 4 spell levels left.
You didn't know any spells.
Your spell library contained the following spells:

 Spells                   Type           Power      Damage    Failure   Level
 Portal Projectile        Hex/Tloc       0%         N/A       80%         3
 Tukima's Dance           Hex            0%         N/A       80%         3
 Iskenderun's Mystic Bla  Conj/Tloc      0%         2d3       99%         4


Dungeon Overview and Level Annotations

Branches:
Dungeon (4/15)
 Temple: D:4-7


Innate Abilities, Weirdness & Mutations

You have an increased reservoir of magic. (+10% MP)
You shall have no god before yourself.
Your divine heritage dramatically boosts your attributes as you level up.
You have a somewhat thin skeletal structure. (Dex +2, Stealth+)
You passively map a small area around you.
You do not regenerate when monsters are visible.


Message History

You kill the dart slug!
The adder closely misses you. The adder bites you.
You are poisoned.
The adder poisons you!
You shoot an arrow. The arrow barely misses the adder.
You feel sick. The adder bites you but does no damage.
You shoot an arrow. The arrow hits the adder.
The adder is heavily wounded.
You feel sick. The adder closely misses you.
The adder bites you but does no damage.
You shoot an arrow. The arrow hits the adder!
You kill the adder!
You feel sick.
You shoot an arrow. The arrow barely misses the iguana.
You feel sick. The iguana bites you!
You are too injured to fight recklessly!
You are too injured to fight recklessly!
You are too injured to fight recklessly!
You are too injured to fight recklessly!
You are too injured to fight recklessly!
You are too injured to fight recklessly!
You shoot an arrow. The arrow hits the iguana!
The iguana is heavily wounded.
You feel sick.
You are no longer poisoned.
The iguana bites you. The iguana closely misses you.
You shoot an arrow. The arrow hits the iguana.
The iguana is almost dead.
The iguana bites you!
* * * LOW HITPOINT WARNING * * *
You shoot an arrow.
The arrow hits the iguana but does no damage.
The iguana is almost dead.
The iguana barely misses you.
It was a potion of mutation.
You feel extremely strange.
Your regeneration stops near monsters.
You feel a strange attunement to the structure of the dungeons.
Your bones become slightly less dense.
The iguana bites you.
You die...

.....## *,, .......,
....... #....... ,
##### #....... ,
##...## #.........
#.....###.........
#..†l......# ....#*
#.#@#''#.#.##....#
#...#Sl#....#.....
#.###..###........
#.'.#?$#.'........
#.'.#!(#.†........
##)########........,
#.)..#..#......[..#
#<.#.#))#.#......##*
#.............####


You could see an iguana.

Vanquished Creatures
  Blork the orc (D:4)
  4 gnolls
  2 adders (D:4)
  3 worms (D:2)
  4 dart slugs
  6 orcs
  8 ball pythons
  7 bats
  10 endoplasms
  4 giant cockroaches
  6 goblins
  4 hobgoblins
  3 jackals (D:2)
  4 quokkas
  4 frilled lizards
  6 kobolds
  2 rats (D:2)
78 creatures vanquished.

Notes
Turn   | Place    | Note
-------+----------+-------------------------------------------
     0 | D:1      | HoaS the Demigod Hunter began the quest for the Orb.
     0 | D:1      | Reached XP level 1. HP: 17/17 MP: 3/3
    43 | D:1      | Reached skill level 4 in Ranged Weapons
    64 | D:1      | You fall into a shaft and drop 1 floor!
   114 | D:2      | Reached XP level 2. HP: 24/24 MP: 4/4
   668 | D:1      | Reached XP level 3. HP: 28/29 MP: 5/5
   901 | D:2      | Reached skill level 5 in Ranged Weapons
  1558 | D:3      | Reached XP level 4. HP: 36/36 MP: 6/6
  2373 | D:4      | Noticed Blork the orc
  2381 | D:4      | Killed Blork the orc
  2382 | D:4      | Reached skill level 6 in Ranged Weapons
  2382 | D:4      | Reached XP level 5. HP: 28/41 MP: 7/7
  2503 | D:4      | HP: 2/41 [iguana (12)]
  2505 | D:4      | Gained mutation: You do not regenerate when monsters are
                  | visible. [potion of mutation]
  2505 | D:4      | Gained mutation: You passively map a small area around you.
                  | [potion of mutation]
  2505 | D:4      | Gained mutation: You have a somewhat thin skeletal
                  | structure. (Dex +2, Stealth+) [potion of mutation]
  2505 | D:4      | Slain by an iguana

Illustrated notes

Levels and vault maps discovered:
D:1:      scummos_arrival_simple_fountains, layout_loops_ring
D:2:      layout_basic
D:3:      layout_loops_cross, kennysheep_another_room, minmay_misc_feat_columns
D:4:      layout_cave_pools, grunt_temple_overflow_open, lemuel_round_altar,
          overflow_temple_1_default, temple_doors_e, minivault_24,
          minmay_misc_feat_four_crosses, minmay_mini_jars, uniq_blork_the_orc

Skill      XL: |  1  2  3  4 |
---------------+-------------+-----
Ranged Weapons | 4 5 6 |  6.4
Fighting       | |  1.7
Dodging        | |  1.7
Stealth        | |  0.8

Action                     |  1- 3 |  4- 6 || total
---------------------------+-------+-------++-------
   Fire: Shortbow          |   134 |    76 ||   210
    Use: Scroll            |     2 |       ||     2
         Potion            |       |     1 ||     1
 Armour: Leather armour    |    20 |    15 ||    35
  Dodge: Dodged            |    31 |    36 ||    67

Table legend: (Time is in decaauts)
 A = Elapsed time spent in this place.
 B = Non-inter-level travel time spent in this place.
 C = Inter-level travel time spent in this place.
 D = Time resting spent in this place.
 E = Time spent auto-exploring this place.
 F = Levels seen in this place.
 G = Mean time per level.
                   A        B        C        D        E       F      G
               +--------+--------+--------+--------+--------+-----+--------+
         Total |   2544 |   2459 |     85 |    148 |   1846 |   4 |  636.0 |
       Dungeon |   2544 |   2459 |     85 |    148 |   1846 |   4 |  636.0 |
               +--------+--------+--------+--------+--------+-----+--------+

Top non-repeatable levels by time:
     D:2: 992 daAuts
     D:3: 748 daAuts
     D:1: 666 daAuts
     D:4: 136 daAuts
